 Dungeon Crawl Stone Soup version 0.30-a0-329-g85436e0a43 (webtiles) character file.

Game seed: 10915851010621545834

373 lunkers the Digger (level 7, -4/50 HPs)
             Began as a Meteoran Earth Elementalist on Oct 28, 2022.
             Slain by a gnoll
             ... wielding a +0 spear
             ... led by a gnoll bouda
              (6 damage)
             ... on level 5 of the Dungeon.
             The game lasted 00:04:42 (2174 turns).

lunkers the Digger (Meteoran Earth Elementalist)    Turns: 2174, Time: 00:04:42

Health: -4/50      AC:  5    Str:  9    XL:     7   Next: 23%
Magic:  3/15       EV: 17    Int: 19    God:
Gold:   138        SH:  0    Dex: 15    Spells: 9/15 levels left

rFire   . . .      SeeInvis .    k - +3 dagger
rCold   . . .      Faith    .    (no shield)
rNeg    . . .      Spirit   .    a - +0 robe
rPois   .          Reflect  .    l - +1 helmet
rElec   .          Harm     .    q - +0 cloak
rCorr   .          Rampage  .    (no gloves)
Will    .....                    (no boots)
Stlth   +.........               (no amulet)
HPRegen 0.28/turn                g - +4 ring of evasion
MPRegen 0.14/turn                (no ring)

@: very slightly contaminated, glowing
A: sense surroundings 1, otherworldly, glowing, explore regen
a: no special abilities


You were on level 5 of the Dungeon.
You visited 1 branch of the dungeon, and saw 5 of its levels.
You also visited: Sewer.

You collected 138 gold pieces.

Inventory:

Hand Weapons
 j - a +0 club
 k - a +3 dagger (weapon)
Missiles
 o - a throwing net
Armour
 a - a +0 robe (worn)
 l - a +1 helmet (worn)
 q - a +0 cloak (worn)
Jewellery
 g - a +4 ring of evasion (left hand)
 n - a +6 ring of strength
Scrolls
 f - 2 scrolls of identify
 p - a scroll of amnesia
Potions
 b - 2 potions of magic
 i - 3 potions of ambrosia
 s - 2 potions of curing
 t - 3 potions of flight
 u - a potion of heal wounds


   Skills:
 - Level 2.9 Dodging
 - Level 1.8 Stealth
 + Level 4.7 Spellcasting
 + Level 3.1 Conjurations
 - Level 2.0 Transmutations
 * Level 6.3 Earth Magic


You had 9 spell levels left.
You knew the following spells:

 Your Spells              Type           Power      Damage    Failure   Level
a - Sandblast             Erth           56%        2d13      1%          1
b - Passwall              Tmut/Erth      16%        N/A       3%          2
c - Stone Arrow           Conj/Erth      44%        3d9       5%          3

Your spell library contained the following spells:

 Spells                   Type           Power      Damage    Failure   Level
 Petrify                  Tmut/Erth      20%        N/A       22%         4


Dungeon Overview and Level Annotations

Branches:
Dungeon (5/15) Zot: 873     Sewer (visited)
 Temple: D:4-7

Altars:
Nemelex Xobeh

Annotations:
D:4 3 runed translucent doors, NinjaNoafa's ghost, amateur KoHu


Innate Abilities, Weirdness & Mutations

You passively map a small area around you.
You are easily found by Zot.
You glow in the dark.
You regain HP and MP as you explore.


Message History

The gnoll misses you.
Casting: Sandblast (safe; 1% risk of failure)
Confirm with . or Enter, or press ? or * to list all spells.
The blast of sand hits the gnoll but does no damage.
The gnoll is severely wounded.
The gnoll hits you from afar with a +0 spear.
* * * LOW HITPOINT WARNING * * *
Okay, then.
Aiming: Sandblast (safe; 1% risk of failure)
Press: ? - help, Q - select action, (/) - cycle Shift-Dir - straight line, f - ice beast, p - gnoll
Aim: an ice beast (83% to hit)
Okay, then.
Casting: Sandblast (safe; 1% risk of failure)
Confirm with . or Enter, or press ? or * to list all spells.
Aiming: Stone Arrow (dangerous; 5% risk of failure)
Press: ? - help, Shift-Dir - straight line, f - gnoll, p - gnoll
Aim: a gnoll, wielding a +0 spear (covering ground quickly, 75% to hit)
You miscast Stone Arrow.
You are very lightly contaminated with residual magic.
Nothing appears to happen.
The ice beast hits you.
* * * LOW HITPOINT WARNING * * *
The ice beast freezes you!
* * * LOW HITPOINT WARNING * * *
The gnoll closely misses you.
Unknown command.
Casting: Stone Arrow (dangerous; 5% risk of failure)
Confirm with . or Enter, or press ? or * to list all spells.
Aiming: Stone Arrow (dangerous; 5% risk of failure)
Press: ? - help, Shift-Dir - straight line, f/p - gnoll
Aim: a gnoll, wielding a +0 spear (covering ground quickly, 75% to hit)
The stone arrow hits the ice beast.
The ice beast is moderately wounded.
* * * LOW MAGIC WARNING * * *
The ice beast hits you.
* * * LOW HITPOINT WARNING * * *
The ice beast freezes you!
* * * LOW HITPOINT WARNING * * *
The gnoll bouda misses you.
The gnoll hits you from afar with a +0 spear.
You die...

#......................#
#........................,
,
#......................###
#........................
#......................#.
#....(..................
#......#................ *
, #......#....).##.., ,*
#########..@g# ,,
####Y...# .g....# ##.#...
, * * .# .. ,,** # ,. * ,
,


You could see an ice beast, a gnoll bouda and a gnoll (swift).

Vanquished Creatures
  2 kobold brigands (Sewer)
  A scorpion (D:4)
  Robin (D:2)
  A gnoll (D:5)
  4 adders
  A worm (D:4)
  2 dart slugs (D:2)
  5 orcs
  10 ball pythons
  4 bats
  10 endoplasms
  3 giant cockroaches
  17 goblins
  4 hobgoblins
  8 jackals
  6 kobolds
  8 quokkas
  3 frilled lizards
  12 rats
102 creatures vanquished.

Notes
Turn   | Place    | Note
-------+----------+-------------------------------------------
     0 | D:1      | lunkers the Meteoran Earth Elementalist began the quest for
                  | the Orb.
     0 | D:1      | Reached XP level 1. HP: 14/14 MP: 5/5
   115 | D:1      | Reached XP level 2. HP: 20/20 MP: 3/6
   281 | D:1      | Reached XP level 3. HP: 15/26 MP: 0/8
   594 | D:2      | Reached skill level 4 in Earth Magic
   626 | D:2      | Learned a level 2 spell: Passwall
   630 | D:2      | Learned a level 3 spell: Stone Arrow
   686 | D:2      | Reached XP level 4. HP: 33/33 MP: 7/9
   743 | D:2      | Noticed Robin
   750 | D:2      | Killed Robin
   869 | D:2      | Reached skill level 1 in Conjurations
   927 | D:2      | Reached XP level 5. HP: 38/38 MP: 7/11
  1579 | D:3      | Found a sparkling altar of Nemelex Xobeh.
  1645 | D:3      | Glimpsed the power of Zot.
  1680 | D:4      | Reached skill level 5 in Earth Magic
  1680 | D:4      | Reached XP level 6. HP: 35/45 MP: 6/13
  1738 | D:4      | Found a runed translucent gate.
  1738 | D:4      | Found a runed translucent gate.
  1738 | D:4      | Found a runed translucent gate.
  1773 | D:4      | Noticed NinjaNoafa's ghost (amateur KoHu)
  1878 | D:4      | Found a glowing drain.
  1882 | Sewer    | Entered a sewer
  1944 | Sewer    | Reached skill level 6 in Earth Magic
  1948 | Sewer    | Reached XP level 7. HP: 50/50 MP: 6/15
  1965 | Sewer    | Found a glowing silver altar of Zin.
  2124 | D:5      | Entered Level 5 of the Dungeon
  2174 | D:5      | HP: 2/50 [ice beast (11)]
  2174 | D:5      | Slain by a gnoll

Illustrated notes

Levels and vault maps discovered:
D:1:      dpeg_arrival_stonehenge_8_columns, layout_basic
D:2:      minmay_skewed_foursquare, layout_basic, hangedman_decor_peaks_small,
          uniq_robin
D:3:      layout_loops_corners, nemelex_dance_club_becter, minmay_puff
D:4:      layout_loops_ring, gammafunk_ghost_split, gup_sewer_entry_spiral,
          serial_shops, shop
D:5:      layout_rooms, vehumet_altar_wand_db, minmay_temple_entry_crystal_x

Skill      XL: |  1  2  3  4  5  6 |
---------------+-------------------+-----
Spellcasting   | 3 4 |  4.7
Transmutations | 2 |  2.0
Earth Magic    | 4 5 6 |  6.3
Conjurations   | 1 2 3 |  3.1
Dodging        | |  2.9
Stealth        | |  1.8

Action                   |  1- 3 |  4- 6 |  7- 9 || total
-------------------------+-------+-------+-------++-------
Melee: Dagger            |       |     4 |       ||     4
 Cast: Sandblast         |    49 |   101 |     9 ||   159
       Stone Arrow       |       |       |     1 ||     1
  Use: Scroll            |       |       |     8 ||     8
Armor: Robe              |     7 |     8 |     1 ||    16
Dodge: Dodged            |    45 |    31 |     5 ||    81

Table legend: (Time is in decaauts)
 A = Elapsed time spent in this place.
 B = Non-inter-level travel time spent in this place.
 C = Inter-level travel time spent in this place.
 D = Time resting spent in this place.
 E = Time spent auto-exploring this place.
 F = Levels seen in this place.
 G = Mean time per level.
                   A        B        C        D        E       F      G
               +--------+--------+--------+--------+--------+-----+--------+
         Total |   2315 |   2172 |    143 |      0 |   1504 |   6 |  385.8 |
       Dungeon |   2125 |   1982 |    143 |      0 |   1394 |   5 |  425.0 |
         Sewer |    190 |    190 |      0 |      0 |    110 |   1 |  190.0 |
               +--------+--------+--------+--------+--------+-----+--------+

Top non-repeatable levels by time:
     D:3: 682 daAuts
     D:2: 607 daAuts
     D:1: 438 daAuts
     D:4: 344 daAuts
   Sewer: 190 daAuts
     D:5: 53 daAuts
